 Dungeon Crawl Stone Soup version 0.21-a0-84-g85d6d27 (webtiles) character file.

61 xnavy the Ruffian (level 4, 3/41 HPs)
             Began as an Ogre Transmuter on June 25, 2017.
             Quit the game on level 2 of the Dungeon.
             The game lasted 00:05:34 (1458 turns).

xnavy the Ruffian (Ogre Transmuter)                 Turns: 1458, Time: 00:05:34

Health: 3/41       AC:  3    Str: 14    XL:     4   Next: 7%
Magic:  4/7        EV: 10    Int: 15    God:
Gold:   46         SH:  0    Dex:  9    Spells: 3/7 levels left

rFire    . . .     SeeInvis .     - Unarmed
rCold    . . .     Gourm    .   (no shield)
rNeg     . . .     Faith    .   b - +0 robe
rPois    .         Spirit   .   (helmet restricted)
rElec    .         Reflect  .   (no cloak)
rCorr    .         Harm     .   (gloves unavailable)
MR       .....                  (boots unavailable)
Stlth    +.........             (no amulet)
HPRegen  0.13/turn              f - ring of flight {+Fly, !d}
MPRegen  0.10/turn              (no ring)

@: lethally poisoned (3 -> -1), appendage (expiring), flying, very slightly
contaminated
A: unfitting armour, talons 3, tough skin 1
a: End Transformation


You were on level 2 of the Dungeon.
You were not hungry.
You had grown temporary talons.
You visited 1 branch of the dungeon, and saw 2 of its levels.

You collected 46 gold pieces.

Inventory:

Missiles
 a - 33 arrows
Armour
 b - a +0 robe (worn)
Jewellery
 f - a ring of flight (left hand) {+Fly, !d}
   (You found it on level 2 of the Dungeon)
Scrolls
 g - a scroll of remove curse {unknown}
Books
 c - a book of Changes
Comestibles
 d - a bread ration {@e1}
 h - a chunk of flesh {@w0}


   Skills:
 - Level 1.3 Fighting
 - Level 1.7 Dodging
 * Level 3.8 Unarmed Combat
 - Level 2.4 Spellcasting
 + Level 2.6 Transmutations


You had 3 spell levels left.
You knew the following spells:

 Your Spells              Type           Power        Failure   Level  Hunger
a - Beastly Appendage     Tmut           #.....       7%          1    #......
c - Spider Form           Tmut/Pois      #.........   36%         3    ###....


Dungeon Overview and Level Annotations

Branches:
Dungeon (2/15)

Altars:


Innate Abilities, Weirdness & Mutations

You are too large for most types of armour.
You have tough skin. (AC +1)
You have claws for feet.


Message History

You closely miss the jackal.
The jackal barks!
Your headbutt misses the jackal. The jackal closely misses you.
You closely miss the jackal. The jackal closely misses you.
You hit the jackal.
You kill the jackal!
Your transformation is almost over.
The kobold throws a stone.
The stone hits you.
You take 1 damage, and have 31/33 hp.
You miscast Spider Form.
You are very lightly contaminated with residual magic.
Your hands glow momentarily.
The kobold throws a stone.
The stone barely misses you.
You now have 2/6 mp.
The kobold closely misses you.
Things that are here:
a club; a hobgoblin corpse You hit the kobold.
You headbutt the kobold.
You kill the kobold!
You hit the jackal. The jackal closely misses you. x2
You hit the jackal.
You kill the jackal!
You barely miss the adder. Your headbutt misses the adder. The adder bites you.
The adder bites you but does no damage.
You take 3 damage, and have 29/33 hp.
You barely miss the adder. The adder bites you.
You take 1 damage, and have 28/33 hp.
You barely miss the adder. The adder bites you.
You are poisoned.
The adder poisons you!
You take 2 damage, and have 26/33 hp.
You completely miss the adder.
Your horns disappear.
You feel sick. The adder bites you.
You take 2 damage, and have 24/33 hp.
You punch the adder! The adder barely misses you. The adder misses you.
You miss the adder.
You feel sick. The adder bites you.
You take 2 damage, and have 22/33 hp.
You closely miss the adder. The adder bites you.
You are more poisoned.
The adder poisons you!
You take 5 damage, and have 17/33 hp.
Your feet morph into talons.
You feel sick. The adder barely misses you.
You take 1 damage, and have 16/33 hp.
You now have 3/6 mp.
You miss the adder. Your kick misses the adder. The adder closely misses you.
The adder bites you.
You are lethally poisoned!
The adder poisons you!
You take 3 damage, and have 13/33 hp.
You closely miss the adder. Your kick misses the adder.
You feel sick. The adder barely misses you.
You take 1 damage, and have 12/33 hp.
You hit the adder.
You kill the adder!
You have reached level 4!
You feel sick.
You regained 2 hp, and now have 14/41 hp.
It was a potion of flight.
You feel very buoyant.
You fly up into the air.
You feel sick. The jackal closely misses you. The jackal barely misses you.
You take 1 damage, and have 13/41 hp.
You hit the jackal. Your kick misses the jackal.
You feel sick. The jackal barely misses you.
You take 1 damage, and have 12/41 hp.
You are too injured to fight recklessly!
You are too injured to fight recklessly!
You hit the jackal. You claw the jackal.
You feel sick. The jackal barely misses you.
You take 1 damage, and have 11/41 hp.
You barely miss the jackal. You claw the jackal.
You kill the jackal!
Your transformation is almost over.
You completely miss the jackal. Your kick misses the jackal.
You feel sick.
The jackal bites you but does no damage.
The jackal bites you.
* * * LOW HITPOINT WARNING * * *
You hit the jackal. Your kick misses the jackal.
You feel sick. The jackal bites you.
* * * LOW HITPOINT WARNING * * *
You are too injured to fight recklessly!
Unknown command.
You take 6 damage, and have 5/41 hp.
You closely miss the jackal. Your kick misses the jackal.
The jackal misses you. The jackal closely misses you.
You hit the jackal.
You kill the jackal!
* * * LOW HITPOINT WARNING * * *
You feel sick.
You take 1 damage, and have 4/41 hp.
Unknown command.
You aren't carrying any potions.
There is a lethal amount of poison in your body!
* * * LOW HITPOINT WARNING * * *
You feel sick.
You take 1 damage, and have 3/41 hp.
Things that are here:
a jackal corpse; an adder corpse; a jackal corpse
Okay, then.
Unknown command.

#................
#.......####.#.##
#...##### #...#
##...# #($..#
#(#..# #)#..#
#@#..# #.#..#
#.#... #.##.##
#.# .# ..# ..#
...


There were no monsters in sight!

Vanquished Creatures
  2 gnolls (D:1)
  An adder (D:2)
  2 bats (D:2)
  A giant cockroach (D:1)
  4 goblins (D:1)
  6 hobgoblins
  6 jackals
  2 frilled lizards (D:1)
  4 kobolds
  3 rats
31 creatures vanquished.

Notes
Turn   | Place    | Note
-------+----------+-------------------------------------------
     0 | D:1      | xnavy the Ogre Transmuter began the quest for the Orb.
     0 | D:1      | Reached XP level 1. HP: 19/19 MP: 3/3
    51 | D:1      | HP: 4/19 [gnoll (8)]
    52 | D:1      | HP: 1/19 [gnoll (3)]
    55 | D:1      | Reached skill level 3 in Unarmed Combat
    55 | D:1      | Reached skill level 2 in Transmutations
    55 | D:1      | Reached XP level 2. HP: 1/27 MP: 3/5
   781 | D:1      | Reached XP level 3. HP: 25/33 MP: 4/6
   786 | D:1      | Learned a level 3 spell: Spider Form
  1447 | D:2      | Reached XP level 4. HP: 15/41 MP: 3/7
  1452 | D:2      | HP: 10/41 [poisoned by an adder]
  1455 | D:2      | HP: 4/41 [poisoned by an adder]
  1458 | D:2      | Quit the game

Vault maps used:
D:1:      roderic_crop_circles_arrival_small, hex_tiny
D:2:      minmay_roachtagon, first_bread

Skill      XL: |  1 |
---------------+----+-----
Unarmed Combat | 3 |  3.8
Transmutations | 2 |  2.6
Fighting       | |  1.3
Dodging        | |  1.7
Spellcasting   | |  2.4

Action                   |  1- 3 |  4- 6 || total
-------------------------+-------+-------++-------
Melee: Unarmed           |   126 |     7 ||   133
       Headbutt          |     5 |       ||     5
       Kick              |     1 |     2 ||     3
 Cast: Beastly Appendage |     7 |       ||     7
       Spider Form       |     1 |       ||     1
  Use: Potion            |       |     1 ||     1
  Eat: Chunk             |     2 |       ||     2
Armor: Robe              |    22 |     1 ||    23
Dodge: Dodged            |    60 |     6 ||    66

Vault maps used:
D:1:      roderic_crop_circles_arrival_small, hex_tiny
D:2:      minmay_roachtagon, first_bread

Table legend:
 A = Turns spent in this place as a percentage of turns spent in the entire game.
 B = Non-inter-level travel turns spent in this place as a percentage of non-inter-level travel turns spent in the entire game.
 C = Inter-level travel turns spent in this place as a percentage of turns spent in this place.
 D = Turns resting spent in this place as a percentage of non-inter-level travel turns spent in this place.
 E = Turns spent auto-exploring this place as a percentage of non-inter-level travel turns spent in this place.
 F = Non-inter-level travel turns spent in this place divided by the number of levels of this place that you've seen.
                   A       B       C       D       E      F
               +-------+-------+-------+-------+-------+----------------------
         Total | 100.0 | 100.0 |   0.3 |   7.1 |   8.6 | 175.0
       Dungeon | 100.0 | 100.0 |   0.3 |   7.1 |   8.6 | 175.0
               +-------+-------+-------+-------+-------+----------------------

Table legend:
 A = Kills in this place as a percentage of kills in entire the game.
 B = Kills by you in this place as a percentage of kills by you in the entire game.
 C = Kills by friends in this place as a percentage of kills by friends in the entire game.
 D = Other kills in this place as a percentage of other kills in the entire game.
 E = Experience gained in this place as a percentage of experience gained in the entire game.
 F = Experience gained in this place divided by the number of levels of this place that you have seen.
                   A       B       C       D       E      F
               +-------+-------+-------+-------+-------+----------------------
         Total | 100.0 | 100.0 |  -nan |  -nan | 100.0 |  44.0
       Dungeon | 100.0 | 100.0 |  -nan |  -nan | 100.0 |  44.0
               +-------+-------+-------+-------+-------+----------------------
